 Dungeon Crawl Stone Soup version 0.21.1-1-g345015f (webtiles) character file.

96777 inc the Tortoise (level 16, -1/125 HPs)
             Began as a Formicid Fighter on June 9, 2018.
             Was a High Priest of Okawaru.
             Blown up by an orb spider (44 damage)
             ... with an orb of destruction
             ... on level 1 of the Spider Nest.
             The game lasted 00:58:37 (24506 turns).

inc the Tortoise (Formicid Fighter)                Turns: 24506, Time: 00:58:37

Health: -1/125     AC: 24    Str: 27    XL:     16   Next: 67%
Magic:  24/24      EV:  8    Int: 14    God:    Okawaru [*****.]
Gold:   1787       SH:  0    Dex: 21    Spells: 10/15 levels left

rFire    + . .     SeeInvis +   b - +9 quarterstaff of the Dozen Moons {flame, *Slow rN+ Int+3}
rCold    . . .     Gourm    +   m - +1 shield {AC+3}
rNeg     + + +     Faith    .   D - +1 chain mail of Liberty {rPois rF- rN+ Dex+8}
rPois    +         Spirit   .   (helmet unavailable)
rElec    .         Reflect  .   z - scarf {cloud immunity}
rCorr    +         Harm     .   N - +1 pair of gloves "Ossu" {rF++ rN+ rCorr Int-2}
MR       +....                  A - +2 pair of boots {Stlth+}
Stlth    ..........             O - amulet of the gourmand
HPRegen  0.30/turn              w - +3 ring of intelligence
MPRegen  0.19/turn              E - +4 ring of strength

@: held, studying Necromancy
A: permanent stasis, dig shafts and tunnels, four strong arms, antennae 3
a: Dig, Shaft Self, Heroism, Finesse, Renounce Religion


You were on level 1 of the Spider Nest.
You worshipped Okawaru.
Okawaru was extremely pleased with you.
You were not hungry.

You visited 4 branches of the dungeon, and saw 24 of its levels.

You collected 2370 gold pieces.
You spent 583 gold pieces at shops.

Inventory:

Hand Weapons
 b - the +9 quarterstaff of the Dozen Moons (weapon) {flame, *Slow rN+ Int+3}
   (Okawaru gifted it to you on level 13 of the Dungeon)

   It has been specially enchanted to burn those struck by it, causing extra
   injury to most foes and up to half again as much damage against particularly
   susceptible opponents.
   It affects your intelligence (+3).
   It protects you from negative energy.
   It may slow you when you take damage.
 i - the +6 quarterstaff "Sem Zakk" {crush, -Tele rPois MR+ Dex+4}
   (Okawaru gifted it to you on level 5 of the Lair of Beasts)

   It inflicts extra damage upon your enemies.
   It affects your dexterity (+4).
   It protects you from poison.
   It affects your resistance to hostile enchantments.
   It prevents most forms of teleportation.
 u - a +0 lajatang of flaming
Armour
 l - a +2 chain mail of poison resistance
 m - a +1 shield of protection (worn)
 v - a +0 cloak
 z - a scarf of cloud immunity (worn)
 A - a +2 pair of boots of stealth (worn)
 D - the +1 chain mail of Liberty (worn) {rPois rF- rN+ Dex+8}
   (Okawaru gifted it to you on level 2 of the Orcish Mines)

   It affects your dexterity (+8).
   It makes you vulnerable to fire.
   It protects you from poison.
   It protects you from negative energy.
 N - the +1 pair of gloves "Ossu" (worn) {rF++ rN+ rCorr Int-2}
   (Okawaru gifted it to you on level 8 of the Dungeon)

   It affects your intelligence (-2).
   It greatly protects you from fire.
   It protects you from negative energy.
   It protects you from acid and corrosion.
 Q - the +0 pair of gloves "Yjywemp" {rC+ Int+4}
   (You bought it in a shop on level 2 of the Orcish Mines)

   It affects your intelligence (+4).
   It protects you from cold.
Jewellery
 r - the ring of Grace {*Corrode rC+ rN++ Dex+5, unknown}
   (You found it on level 15 of the Dungeon)

   [ring of protection from cold]

   It affects your dexterity (+5).
   It protects you from cold.
   It greatly protects you from negative energy.
   It may corrode you when you take damage.
 s - an uncursed ring of positive energy
 w - a +3 ring of intelligence (left hand)
 E - a +4 ring of strength (right hand)
 L - an uncursed ring of resist corrosion
 O - an amulet of the gourmand (around neck)
 R - an uncursed amulet of faith
 Y - an uncursed ring of protection from cold
Wands
 q - a wand of paralysis (9)
 F - a wand of iceblast (48)
 G - a wand of disintegration (10)
 I - a wand of digging (50)
Scrolls
 e - a scroll of teleportation
 g - 2 scrolls of identify
 h - 2 scrolls of fog
 k - 5 scrolls of fear
 t - 6 scrolls of enchant armour
 y - 3 scrolls of amnesia
 B - 3 scrolls of enchant weapon
 T - 6 scrolls of remove curse
 U - 2 scrolls of holy word
Potions
 d - 5 potions of might
 n - a potion of flight
 p - 7 potions of curing
 x - 5 potions of heal wounds
 C - a potion of resistance
 H - 3 potions of ambrosia
 K - 3 potions of brilliance
 V - a potion of cancellation
Books
 a - a book of Air

   Spells                             Type                      Level
   a - Shock                          Conjuration/Air              1
   b - Swiftness                      Charms/Air                   2
   c - Static Discharge               Conjuration/Air              3
   d - Airstrike                      Air                          4
   e - Lightning Bolt                 Conjuration/Air              5
 c - a book of Callings

   Spells                             Type                      Level
   a - Summon Small Mammal            Summoning                    1
   b - Call Imp                       Summoning                    2
   c - Call Canine Familiar           Summoning                    3
   d - Summon Guardian Golem          Hexes/Summoning              3
   e - Summon Lightning Spire         Summoning/Air                4
   f - Summon Ice Beast               Ice/Summoning                4
 j - a book of Changes

   Spells                             Type                      Level
   a - Beastly Appendage              Transmutation                1
   b - Sticks to Snakes               Transmutation                2
   c - Spider Form                    Transmutation/Poison         3
   d - Ice Form                       Ice/Transmutation            4
   e - Blade Hands                    Transmutation                5
 o - a book of Battle

   Spells                             Type                      Level
   a - Infusion                       Charms                       1
   b - Shroud of Golubria             Charms/Translocation         2
   c - Song of Slaying                Charms                       2
   d - Spectral Weapon                Hexes/Charms                 3
   e - Regeneration                   Charms/Necromancy            3
 M - a book of Minor Magic

   Spells                             Type                      Level
   a - Magic Dart                     Conjuration                  1
   b - Blink                          Translocation                2
   c - Call Imp                       Summoning                    2
   d - Slow                           Hexes                        2
   e - Conjure Flame                  Conjuration/Fire             3
   f - Mephitic Cloud                 Conjuration/Poison/Air       3
 P - a book of Battle

   Spells                             Type                      Level
   a - Infusion                       Charms                       1
   b - Shroud of Golubria             Charms/Translocation         2
   c - Song of Slaying                Charms                       2
   d - Spectral Weapon                Hexes/Charms                 3
   e - Regeneration                   Charms/Necromancy            3
 S - a manual of Necromancy
Comestibles
 f - 38 rations


   Skills:
 - Level 11.0 Fighting
 - Level 10.6 Staves
 - Level 17.2 Armour
 + Level 8.1 Dodging
 - Level 12.4 Shields
 - Level 5.2 Charms
 - Level 8.7 Necromancy
 - Level 4.3 Air Magic
 - Level 11.1 Invocations


You had 10 spell levels left.
You knew the following spells:

 Your Spells              Type           Power        Failure   Level  Hunger
a - Swiftness             Chrm/Air       ##......     21%         2    ###....
b - Regeneration          Chrm/Necr      ###.......   16%         3    ####...


Dungeon Overview and Level Annotations

Branches:
Dungeon (15/15)            Temple (0/1) D:6            Lair (6/6) D:9
 Shoals (0/4) Lair:4       Spider (1/4) Lair:3        Slime (0/5) Lair:5
    Orc (2/2) D:11            Elf (0/3) Orc:2        Vaults (0/5) D:14
 Depths (0/5) D:15

Altars:
Ashenzari
Fedhas
Gozag
Hepliaklqana
Makhleb
Nemelex Xobeh
Okawaru
Qazlal
Wu Jian
Xom
The Shining One
Jiyva

Shops:
D:4 %   D:6 (   D:8 !   D:9 (   D:10 *   D:11 [   D:12 (   D:13 %   Orc:2 *(:[

Annotations:
D:12 Jaiteiro's ghost, journeyman MiFi
Lair:4 exclusion: oklob plant
Lair:5 1 runed door
Abyss:1 Sonja


Innate Abilities, Weirdness & Mutations

You cannot be hasted, slowed, berserked, paralysed or teleported.
You can dig through walls and to a lower floor.
Your four strong arms can wield two-handed weapons with a shield.
You have a pair of large antennae on your head. (SInv)


Message History

You block the jumping spider's attack. The jumping spider closely misses you.
The jumping spider leaps!
The orb spider begins to weave its threads into a brightly glowing ball.
You block the orb of destruction.
The orb of destruction dissipates.
You block the redback's attack.
The jumping spider pounces on you but does no damage.
The jumping spider bites you.
You see here a jumping spider corpse.
You hit the redback. You burn the redback.
The redback is moderately wounded.
The redback closely misses you.
The jumping spider leaps!
You block the redback's attack. x2
The orb spider weaves a glowing orb of energy.
An orb of destruction comes into view.
The orb spider pulsates with a strange energy.
The redback bites you!
The jumping spider leaps!
The jumping spider leaps!
The redback bites you but does no damage.
You are caught in the web!
The orb of destruction hits you!
You die...

..# ..## ##... #... { ..
###..# ... ##^#.s#{ {
..?. ...##..#..# { #..#.
.......@s.## ##........
#.......§..####.........
##.......§§#.#....#.....
######....§s§§......#..
###..^.†..........
#(........#...... {
#..........%......
#....^............
....##^....^.......


You could see 2 orb spiders and a redback.

Vanquished Creatures
  Rupert (Lair:5)
  Kirke (D:15)
  2 orc warlords (Orc:2)
  A hydra (Lair:4)
  A catoblepas (D:13)
  2 death knights
  4 centaur warriors
  4 two-headed ogres
  A tengu warrior (D:15)
  A queen ant (Lair:3)
  Urug (Lair:5)
  5 orc high priests (Orc:2)
  Nergalle (Lair:3)
  2 skeletal warriors
  A glowing orange brain (D:15)
  3 unseen horrors
  9 orc knights
  An orb spider (shapeshifter) (D:14)
  3 oklob plants
  4 orc sorcerers (Orc:2)
  A deep elf mage (D:12)
  6 ugly things
  4 manticores
  24 elephants
  A cyclops (Orc:1)
  A black mamba (shapeshifter) (D:14)
  2 gargoyles
  3 black mambas
  The ghost of chorionicmirror the Skirmisher, a novice GnWn of the Shining One (D:5)
  A torpor snail (Lair:3)
  A rime drake (Lair:4)
  2 freezing wraiths (D:14)
  12 spiny frogs
  4 komodo dragons
  2 yaktaurs (D:15)
  A demonic crawler (Spider:1)
  12 trolls
  3 jumping spiders (Spider:1)
  A polar bear (shapeshifter) (D:15)
  5 polar bears
  8 slime creatures
  13 blink frogs
  10 hippogriffs
  6 hornets
  9 dream sheep
  2 vampires
  A tarantella (Spider:1)
  3 redbacks
  2 tarantellas (shapeshifter)
  A centaur simulacrum (D:14)
  A shadow (D:14)
  Eustachio (D:6)
  54 yaks
  13 spriggans
  3 wraiths
  The ghost of CptBowmore the Chopper, an amateur HOBe of Trog (D:3)
  7 wyverns
  3 hogs (D:15)
  A human (shapeshifter) (D:15)
  2 hungry ghosts
  A basilisk (Lair:3)
  2 vampire mosquitoes (D:13)
  3 wargs
  An acid dragon (D:13)
  7 soldier ants (Lair:3)
  7 porcupines
  8 water moccasins
  34 orc warriors
  5 necrophages
  A hornet zombie (D:13)
  A black bear (shapeshifter) (D:15)
  7 black bears
  An ice beast (D:8)
  4 phantoms
  3 sky beasts
  25 wolves
  4 boggarts (Lair:6)
  8 ogres
  5 centaurs
  9 crocodiles
  2 big kobolds
  18 bullfrogs
  A wyvern zombie (D:8)
  A scorpion (D:9)
  A water moccasin skeleton (D:10)
  A howler monkey (D:10)
  19 wights
  4 electric eels
  5 bullfrog zombies
  3 crimson imps
  3 centaur zombies
  14 hounds
  A quasit (D:12)
  3 centaur skeletons
  8 jellies
  Crazy Yiuf (D:2)
  3 bullfrog skeletons
  13 orc priests
  25 orc wizards
  Jessica (D:2)
  30 worker ants
  Natasha (thrice) (D:4)
  7 iguanas
  A hound zombie (D:8)
  2 hound skeletons
  2 worker ant zombies
  A mummy (D:8)
  Robin (D:2)
  6 gnolls
  12 adders
  4 shadow imps
  18 oozes (D:10)
  2 adder skeletons
  2 adder zombies (D:8)
  5 worms
  3 dart slugs
  6 leopard geckos
  84 orcs
  A ball python (D:1)
  10 giant cockroaches
  10 goblins
  15 hobgoblins
  9 jackals
  3 quokkas
  A bat (D:1)
  5 frilled lizards
  14 kobolds
  A leopard gecko skeleton (D:4)
  A leopard gecko zombie (D:8)
  A quokka skeleton (D:4)
  9 rats
  2 butterflies
  2 fungi
  A plant (Lair:5)
813 creatures vanquished.

Vanquished Creatures (collateral kills)
  A fungus (Lair:1)
1 creature vanquished.

Vanquished Creatures (others)
  A yaktaur (D:15)
  A slime creature (D:13)
  4 humans (D:15)
  An orc wizard (D:15)
  3 bushes
  18 fungi
  8 plants (Lair:2)
36 creatures vanquished.

Grand Total: 850 creatures vanquished

Notes
Turn   | Place    | Note
-------+----------+-------------------------------------------
     0 | D:1      | inc the Formicid Fighter began the quest for the Orb.
     0 | D:1      | Reached XP level 1. HP: 18/18 MP: 1/1
    46 | D:1      | Reached XP level 2. HP: 22/24 MP: 2/2
   119 | D:1      | Reached XP level 3. HP: 24/29 MP: 3/3
   625 | D:2      | Found an iron altar of Okawaru.
   677 | D:2      | Became a worshipper of Warmaster Okawaru
   712 | D:2      | Noticed Jessica
   716 | D:2      | Killed Jessica
   716 | D:2      | Reached XP level 4. HP: 35/35 MP: 4/4
   894 | D:2      | Noticed Robin
   902 | D:2      | Reached XP level 5. HP: 41/41 MP: 5/5
   934 | D:2      | Killed Robin
   934 | D:2      | Reached skill level 5 in Shields
  1504 | D:2      | Found a runed door.
  1508 | D:2      | Noticed Crazy Yiuf
  1519 | D:2      | Killed Crazy Yiuf
  2000 | D:3      | Found a glowing golden altar of the Shining One.
  2055 | D:3      | Reached XP level 6. HP: 47/47 MP: 6/6
  2125 | D:3      | Noticed CptBowmore's ghost (amateur HOBe)
  2138 | D:3      | Killed CptBowmore's ghost
  2138 | D:3      | Reached * piety under Okawaru
  2138 | D:3      | Reached skill level 5 in Staves
  2158 | D:3      | Reached XP level 7. HP: 52/52 MP: 7/7
  2234 | D:3      | Found a blossoming altar of Fedhas.
  2249 | D:3      | Found a shimmering altar of Xom.
  2544 | D:4      | Found an opulent altar of Gozag.
  2565 | D:4      | Noticed Natasha
  2566 | D:4      | Killed Natasha
  2913 | D:4      | Noticed Natasha
  2921 | D:4      | Killed Natasha
  2921 | D:4      | Reached XP level 8. HP: 52/58 MP: 8/8
  2979 | D:4      | Found Beag's Food Shop.
  3085 | D:4      | Reached ** piety under Okawaru
  3104 | D:4      | Found a stormy altar of Qazlal.
  3120 | D:4      | Noticed Natasha
  3126 | D:4      | Killed Natasha
  3205 | D:5      | Entered Level 5 of the Dungeon
  3293 | D:5      | Noticed chorionicmirror's ghost (novice GnWn)
  3304 | D:5      | Killed chorionicmirror's ghost
  3419 | D:5      | Reached *** piety under Okawaru
  3464 | D:5      | Reached XP level 9. HP: 59/64 MP: 9/9
  3781 | D:6      | Reached skill level 10 in Shields
  3808 | D:6      | Noticed Eustachio
  3818 | D:6      | Killed Eustachio
  3874 | D:6      | Reached **** piety under Okawaru
  3904 | D:6      | Found Pekloh's Antique Weapon Shoppe.
  4007 | D:6      | Found a staircase to the Ecumenical Temple.
  4466 | D:7      | Found a sparkling altar of Nemelex Xobeh.
  5051 | D:8      | Noticed a two-headed ogre
  5121 | D:8      | Reached XP level 10. HP: 60/70 MP: 10/10
  5138 | D:8      | Found Daeblih's Distillery.
  5186 | D:8      | Bought a potion of heal wounds for 65 gold pieces
  5243 | D:8      | Reached skill level 10 in Staves
  5296 | D:8      | Reached ***** piety under Okawaru
  5375 | D:8      | Killed a two-headed ogre
  5378 | D:8      | Found a burning altar of Makhleb.
  5605 | D:8      | Received a gift from Okawaru
  5713 | D:8      | Reached skill level 5 in Fighting
  5960 | D:8      | Got a pair of transparent gloves {god gift}
  5966 | D:8      | Identified the +1 pair of gloves "Ossu" {rF++ rN+ rCorr Int-2} (Okawaru gifted it to you on level 8 of the Dungeon)
  6112 | D:9      | Reached XP level 11. HP: 83/83 MP: 11/11
  6326 | D:9      | Noticed a two-headed ogre
  6339 | D:9      | Killed a two-headed ogre
  6565 | D:9      | Found Uwupy's Antique Weapon Shoppe.
  6699 | D:9      | Found a staircase to the Lair.
  7037 | D:9      | Found a shattered altar of Ashenzari.
  7042 | D:9      | Found a hazy altar of Hepliaklqana.
  7047 | D:9      | Found an ornate altar of the Wu Jian Council.
  7221 | D:10     | Entered Level 10 of the Dungeon
  7241 | D:10     | Noticed an oklob plant
  7326 | D:10     | Killed an oklob plant
  7326 | D:10     | Reached skill level 10 in Fighting
  7388 | D:10     | Reached skill level 4 in Armour
  7438 | D:10     | Reached skill level 5 in Armour
  7729 | D:10     | Found Onauj's Assorted Antiques.
  7825 | D:10     | Noticed a cyan ugly thing
  7829 | D:10     | Noticed a manticore
  7873 | D:10     | Killed a manticore
  7873 | D:10     | Reached skill level 6 in Armour
  7974 | D:10     | Killed a cyan ugly thing
  7974 | D:10     | Reached skill level 7 in Armour
  8132 | D:11     | Found a hazy altar of Hepliaklqana.
  8327 | D:11     | Reached XP level 12. HP: 90/97 MP: 12/12
  8331 | D:11     | Received a gift from Okawaru
  8331 | D:11     | Reached skill level 8 in Armour
  8566 | D:11     | Found Diott's Antique Armour Boutique.
  8662 | D:11     | Found a staircase to the Orcish Mines.
  8856 | D:12     | Reached skill level 9 in Armour
  8870 | D:12     | Reached skill level 1 in Dodging
  8999 | D:12     | Noticed Jaiteiro's ghost (journeyman MiFi)
  9415 | D:12     | Found Qestomoduola's Weapon Shoppe.
  9506 | D:12     | Noticed Sonja
  9529 | D:12     | Banished Sonja
  9529 | D:12     | Reached skill level 5 in Dodging
 10054 | D:13     | Reached skill level 1 in Invocations
 10066 | D:13     | Received a gift from Okawaru
 10172 | D:13     | Reached skill level 5 in Invocations
 10174 | D:13     | Found Qealuan's Food Shoppe.
 10180 | D:13     | Noticed a centaur warrior
 10190 | D:13     | Killed a centaur warrior
 10717 | D:13     | Noticed a centaur warrior
 10734 | D:13     | Killed a centaur warrior
 10734 | D:13     | Reached XP level 13. HP: 94/103 MP: 18/18
 10808 | D:13     | Noticed a catoblepas
 10835 | D:13     | Killed a catoblepas
 11194 | D:13     | Reached ****** piety under Okawaru
 11204 | D:13     | Reached skill level 10 in Invocations
 11659 | D:14     | Found a gate to the Vaults.
 11721 | D:14     | Learned a level 2 spell: Swiftness
 11744 | D:14     | Reached skill level 1 in Charms
 11744 | D:14     | Reached skill level 1 in Air Magic
 12035 | D:14     | Noticed a centaur warrior
 12045 | D:14     | Killed a centaur warrior
 12234 | D:14     | Noticed a centaur warrior
 12248 | D:14     | Killed a centaur warrior
 12411 | D:13     | Got a crystal quarterstaff {god gift}
 12414 | D:13     | Identified the +9 quarterstaff of the Dozen Moons {flame, *Slow rN+ Int+3} (Okawaru gifted it to you on level 13 of the Dungeon)
 12680 | D:14     | Received a gift from Okawaru
 13000 | D:15     | Entered Level 15 of the Dungeon
 13274 | Orc:1    | Entered Level 1 of the Orcish Mines
 13872 | Orc:1    | Reached skill level 5 in Charms
 14193 | Lair:1   | Entered Level 1 of the Lair of Beasts
 14366 | Lair:1   | Reached XP level 14. HP: 89/110 MP: 22/22
 14738 | Lair:1   | Reached skill level 10 in Armour
 15081 | Lair:2   | Reached skill level 11 in Armour
 15729 | Lair:2   | Received a gift from Okawaru
 15955 | Lair:2   | Reached skill level 12 in Armour
 16874 | Lair:3   | Noticed Nergalle
 16883 | Lair:3   | Killed Nergalle
 16915 | Lair:3   | Reached skill level 13 in Armour
 17116 | Lair:3   | Found a hole to the Spider Nest.
 17581 | Lair:4   | Found a staircase to the Shoals.
 17886 | Lair:4   | Reached skill level 14 in Armour
 18187 | Lair:4   | Received a gift from Okawaru
 18484 | Lair:5   | Reached XP level 15. HP: 115/115 MP: 23/23
 19017 | Lair:5   | Reached skill level 15 in Armour
 19121 | Lair:5   | Noticed Urug
 19139 | Lair:5   | Killed Urug
 19335 | Lair:5   | Noticed Rupert
 19364 | Lair:5   | Killed Rupert
 19713 | Lair:5   | Found a runed door.
 19716 | Lair:5   | Found a viscous altar of Jiyva.
 19716 | Lair:5   | Noticed an acid blob
 19718 | Lair:5   | Found a staircase to the Slime Pits.
 19988 | Lair:6   | Entered Level 6 of the Lair of Beasts
 20127 | Lair:5   | Received a gift from Okawaru
 20401 | Lair:6   | Reached skill level 16 in Armour
 20926 | Lair:6   | Received a gift from Okawaru
 20933 | Lair:6   | Reached skill level 17 in Armour
 21032 | Lair:6   | Got a fine longbow {god gift}
 21036 | Lair:6   | Identified the +10 longbow "Tormentor" {venom, Dex+5} (Okawaru gifted it to you on level 6 of the Lair of Beasts)
 21557 | Lair:5   | Got a smoking quarterstaff {god gift}
 21558 | Lair:5   | Identified the +6 quarterstaff "Sem Zakk" {crush, -Tele rPois MR+ Dex+4} (Okawaru gifted it to you on level 5 of the Lair of Beasts)
 22066 | Orc:2    | Entered Level 2 of the Orcish Mines
 22071 | Orc:2    | Noticed an orc warlord
 22093 | Orc:2    | Killed an orc warlord
 22100 | Orc:2    | Reached XP level 16. HP: 76/124 MP: 18/24
 22158 | Orc:1    | Learned a level 3 spell: Regeneration
 22421 | Orc:2    | Reached skill level 1 in Necromancy
 22483 | Orc:2    | Found Inketop's General Store.
 22504 | Orc:2    | Reached skill level 5 in Necromancy
 22569 | Orc:2    | Found Kozxaem's Book Shop.
 22594 | Orc:2    | Found a staircase to the Elven Halls.
 22603 | Orc:2    | Found Zifeuta's Antique Weapon Shop.
 22622 | Orc:2    | HP: 5/125 [ice devil[an orc sorcerer] (17)]
 23163 | Orc:2    | Received a gift from Okawaru
 23166 | Orc:2    | Got a smoking chain mail {god gift}
 23177 | Orc:2    | Identified the +1 chain mail of Liberty {rPois rF- rN+ Dex+8} (Okawaru gifted it to you on level 2 of the Orcish Mines)
 23234 | Orc:2    | Found Fometwux's Antique Armour Shop.
 23242 | Orc:2    | Bought a pair of encrusted gloves for 266 gold pieces
 23242 | Orc:2    | Bought a shimmering scale mail for 252 gold pieces
 23254 | Orc:2    | Identified the cursed +0 pair of gloves "Yjywemp" {rC+ Int+4} (You bought it in a shop on level 2 of the Orcish Mines)
 23264 | Orc:2    | Identified the +3 scale mail of Servitude {Stlth+} (You bought it in a shop on level 2 of the Orcish Mines)
 23524 | D:15     | Noticed Kirke
 23551 | D:15     | Killed Kirke
 24009 | D:15     | Got a fine pewter ring
 24221 | D:15     | Found a staircase to the Depths.
 24394 | Spider:1 | Entered Level 1 of the Spider Nest
 24506 | Spider:1 | Blown up by an orb spider

Skill      XL: |  1  2  3  4  5  6  7  8  9 10 11 12 13 14 15 16 |
---------------+-------------------------------------------------+-----
Staves         | 3 4 5 6 7 9 10 | 10.6
Shields        | 4 5 6 7 9 11 12 | 12.4
Fighting       | 6 10 11 | 11.0
Armour         | 7 9 14 17 | 17.2
Dodging        | 5 8 |  8.1
Invocations    | 7 11 | 11.1
Charms         | 5 |  5.2
Air Magic      | 4 |  4.3
Necromancy     | 8 |  8.7

Action                   |  1- 3 |  4- 6 |  7- 9 | 10-12 | 13-15 | 16-18 || total
-------------------------+-------+-------+-------+-------+-------+-------++-------
Melee: Quarterstaff      |    49 |   162 |   322 |   801 |  1404 |   372 ||  3110
 Cast: Swiftness         |       |       |       |       |     2 |       ||     2
       Regeneration      |       |       |       |       |       |     2 ||     2
Invok: Heroism           |       |       |       |     6 |    13 |     7 ||    26
       Finesse           |       |       |       |       |     4 |     2 ||     6
Evoke: Wand              |       |       |       |       |       |     1 ||     1
  Use: Scroll            |       |     3 |       |     9 |    13 |     4 ||    29
       Potion            |       |       |       |       |     3 |     3 ||     6
 Stab: Paralysed         |       |       |     3 |    23 |     4 |       ||    30
       Confused          |       |       |     1 |     1 |     1 |       ||     3
       Petrifying        |       |       |     1 |     3 |       |       ||     4
       Petrified         |       |       |       |       |     2 |       ||     2
  Eat: Chunk             |       |     4 |     9 |    14 |    28 |    10 ||    65
       Ration            |       |       |       |     3 |     3 |       ||     6
Armor: Scale mail        |     9 |       |       |       |       |       ||     9
       Chain mail        |     3 |    58 |    97 |   198 |   460 |   112 ||   928
Dodge: Dodged            |    13 |    26 |    56 |   147 |   466 |   151 ||   859
Block: Shield            |    15 |    62 |   130 |   376 |   905 |   315 ||  1803
